 Dungeon Crawl Stone Soup version 0.17-a0-1430-g49fde19 (webtiles) character file.

21 emikaela the Stinger (level 2, -2/17 HPs)
             Began as an Octopode Venom Mage on June 25, 2015.
             Slain by Terence
             ... wielding a +0 flail
              (11 damage)
             ... on level 2 of the Dungeon.
             The game lasted 00:04:25 (1513 turns).

emikaela the Stinger (Octopode Venom Mage)          Turns: 1513, Time: 00:04:25

Health: -2/17      AC:  1    Str: 10    XL:     2   Next: 87%
Magic:  1/5        EV: 12    Int: 17    God:
Gold:   54         SH:  0    Dex: 12    Spells: 2 memorised, 2 levels left

rFire  . . .     SeeInvis .     q - +0 spear
rCold  + . .     Clarity  .     (no shield)
rNeg   . . .     SustAt   .     (helmet restricted)
rPois  .         Gourm    .     (no amulet)
rElec  .         Spirit   .     f - ring of protection from cold (curse)
rCorr  .         Warding  .     c - +3 ring of strength
rMut   .         Stasis   .     (no ring)
MR     .....                    (no ring)
Stlth  +++.......               (no ring)
                                (no ring)
                                (no ring)
                                (no ring)

@: not resistant to hostile enchantments, fairly stealthy
A: almost no armour, amphibious, 8 rings, constrict 8, camouflage 1, gelatinous
body 1
a: no special abilities


You were on level 2 of the Dungeon.
You were not hungry.

You visited 1 branch of the dungeon, and saw 2 of its levels.

You collected 54 gold pieces.

Inventory:

Hand weapons
 q - a +0 spear (weapon)
Missiles
 m - 29 stones (quivered)
Armour
 t - a +0 buckler
Jewellery
 c - a +3 ring of strength (right tentacle)
 f - a cursed ring of protection from cold (left tentacle)
Scrolls
 h - 6 scrolls of identify {unknown}
 i - 2 scrolls of enchant weapon {unknown}
 k - a scroll of teleportation {unknown}
 o - a scroll of remove curse {unknown}
 p - a scroll of amnesia {unknown}
 r - a scroll of magic mapping {unknown}
Potions
 e - 2 potions of curing {unknown}
 g - 2 potions of brilliance {unknown}
 l - a potion of agility {unknown}
Books
 a - a Young Poisoner's Handbook
Comestibles
 b - a bread ration
 d - 2 meat rations
 j - a royal jelly
 n - a beef jerky
 s - 5 chunks of flesh


   Skills:
 - Level 2.0 Dodging
 - Level 2.6 Stealth
 - Level 2.0 Spellcasting
 - Level 1.0 Conjurations
 + Level 5.6 Poison Magic


You had 2 spell levels left.
You knew the following spells:

 Your Spells              Type           Power        Failure   Level  Hunger
a - Sting                 Conj/Pois      ##..         6%          1    #......
b - Cure Poison           Pois           ###.......   2%          2    ###....


Dungeon Overview and Level Annotations

Branches:
Dungeon (2/15)

Altars:

Annotations:
D:2 Terence


Innate Abilities, Weirdness & Mutations

You cannot wear most types of armour.
You are amphibious.
You can wear up to eight rings at the same time.
You can use your tentacles to constrict eight enemies at once.
Your skin changes colour to match your surroundings (Stealth).
Your rubbery body absorbs attacks (AC +1).


Message History

You hit Terence but do no damage. Your grab misses Terence.
Terence is moderately wounded.
Terence barely misses you.
You barely miss Terence. You grab Terence.
Terence is heavily wounded.
You constrict Terence. Terence hits you with a flail.
You hit Terence but do no damage.
Terence is heavily wounded.
You constrict Terence.
Terence looks more healthy.
Terence hits you with a flail.
You hit Terence but do no damage. You squeeze Terence.
Terence is severely wounded.
You constrict Terence, but do no damage.
The hobgoblin misses you.
You hit Terence.
Terence is severely wounded.
You constrict Terence. The hobgoblin hits you with a club.
Terence hits you with a flail!
Ouch! That really hurt!
You die...

#.#### ##.#
#.# #.## #.#
#..# #.# ##.#
#.########)##
#...........#
##########..#
#..# #.@#
#g@# ##.# ..#
#.. ... #..
#...


You could see Terence and a hobgoblin.

Vanquished Creatures
  A worm (D:2)
  A ball python (D:1)
  3 hobgoblins
  3 bats
  2 giant newts (D:1)
  4 goblins (D:1)
  4 kobolds
  A rat (D:1)
19 creatures vanquished.

Notes
Turn   | Place    | Note
--------------------------------------------------------------
     0 | D:1      | emikaela the Octopode Venom Mage began the quest for the Orb.
     0 | D:1      | Reached XP level 1. HP: 11/11 MP: 3/3
   194 | D:1      | Reached skill level 5 in Poison Magic
   654 | D:1      | Reached skill level 1 in Conjurations
   654 | D:1      | Reached XP level 2. HP: 17/17 MP: 3/5
   743 | D:1      | Learned a level 2 spell: Cure Poison
  1503 | D:2      | Noticed Terence
  1513 | D:2      | Slain by Terence

Vault maps used:
D:1:      moated_graveyard_arrival
D:2:      minmay_rats_cheesy_pizza, uniq_terence

Action                   || total
-------------------------++-------
Melee: Unarmed           ||     5
       Spear             ||    10
 Cast: Sting             ||    40
 Stab: Sleeping          ||     1
  Eat: Chunk             ||     2
